 Dungeon Crawl Stone Soup version 0.21-a0-82-gdb84782 (webtiles) character file.

245 Rrauwl the Basher (level 6, -7/51 HPs)
             Began as a Gnoll Fighter on June 24, 2017.
             Killed by divine providence
             ... invoked by an orc priest
              (14 damage)
             ... on level 3 of the Dungeon.
             The game lasted 00:07:32 (2395 turns).

Rrauwl the Basher (Gnoll Fighter)                   Turns: 2395, Time: 00:07:32

Health: -7/51      AC:  7    Str: 20    XL:     6   Next: 10%
Magic:  6/6        EV:  7    Int: 10    God:
Gold:   149        SH: 10    Dex: 14    Spells: 5/5 levels left

rFire    . . .     SeeInvis .   o - -3 whip (curse)
rCold    . . .     Gourm    .   c - +0 shield
rNeg     . . .     Faith    .   e - +0 scale mail
rPois    +         Spirit   .   (no helmet)
rElec    .         Reflect  .   (no cloak)
rCorr    .         Harm     .   (no gloves)
MR       .....                  (no boots)
Stlth    ..........             (no amulet)
HPRegen  0.17/turn              l - ring of poison resistance
MPRegen  0.10/turn              p - ring of loudness (curse)

@: mighty
A: short attention span, fangs 1, strong nose
a: no special abilities


You were on level 3 of the Dungeon.
You were not hungry.

You visited 1 branch of the dungeon, and saw 3 of its levels.

You collected 149 gold pieces.

Inventory:

Hand Weapons
 a - a +0 flail
 b - a +0 hunting sling
 o - a cursed -3 whip (weapon)
Missiles
 i - 19 sling bullets
 k - 147 stones (quivered)
Armour
 c - a +0 shield (worn)
 e - a +0 scale mail (worn)
Jewellery
 l - a ring of poison resistance (left hand)
 p - a cursed ring of loudness (right hand)
Scrolls
 h - 2 scrolls of identify
 j - 2 scrolls of teleportation
 n - a scroll of fog
Potions
 d - a potion of might
Comestibles
 f - 3 bread rations
 g - a chunk of flesh
 m - 2 meat rations


   Skills:
 + Level 5.4 Fighting
 - Level 8.1 Maces & Flails
 - Level 4.8 Armour
 - Level 4.8 Shields


You had 5 spell levels left.
You didn't know any spells.

Dungeon Overview and Level Annotations

Branches:
Dungeon (3/15)

Altars:
Ashenzari
Qazlal
Vehumet


Innate Abilities, Weirdness & Mutations

You have a short attention span.
You have very sharp teeth.
Your uncanny sense of smell can sniff out nearby items.


Message History

Your base attributes are Str 15, Int 9, Dex 14.
Increase (S)trength, (I)ntelligence, or (D)exterity?
You feel clever.
You feel a bit more experienced.
You whack the orc!
You kill the orc!
You block the bat's attack.
You hit the bat.
The bat is moderately wounded.
The bat hits you but does no damage.
The orc priest invokes the aid of Beogh against you.
Beogh smites you!
* * * LOW HITPOINT WARNING * * *
The bat barely misses you. You block the orc priest's attack.
Items here: ))) [ † a club; a dagger; a robe; a falchion; an orc corpse You hit the orc priest but do no damage.
The orc priest calls down the wrath of Beogh upon you.
Beogh smites you!
You die...

#.#
....#..#.
#.#
.....#..##
#.#
......#..##
#.# #....
#.# #####
#.# # #.# #
#.# # #@# #
#..bo..# #
#......# #
#........ #
#......###
# #......#
# ######..
# ### _


You could see an orc priest and a bat.

Vanquished Creatures
  An orc priest (D:3)
  An orc wizard (D:3)
  3 gnolls (D:3)
  3 adders
  An ooze (D:2)
  A worm (D:2)
  A dart slug (D:1)
  6 leopard geckos
  11 orcs (D:3)
  2 giant cockroaches
  14 goblins
  6 hobgoblins
  5 jackals
  7 kobolds
  A quokka (D:3)
  A ball python (D:1)
  4 bats
  5 frilled lizards
  15 rats
88 creatures vanquished.

Vanquished Creatures (others)
  An orc wizard (D:3)
  An ooze (D:3)
  A giant cockroach (D:3)
  A kobold (D:3)
  A bat (D:3)
5 creatures vanquished.

Grand Total: 93 creatures vanquished

Notes
Turn   | Place    | Note
-------+----------+-------------------------------------------
     0 | D:1      | Rrauwl the Gnoll Fighter began the quest for the Orb.
     0 | D:1      | Reached XP level 1. HP: 20/20 MP: 1/1
    11 | D:1      | Reached skill level 4 in Maces & Flails
    56 | D:1      | Reached XP level 2. HP: 26/26 MP: 2/2
   320 | D:1      | Reached skill level 5 in Maces & Flails
   425 | D:1      | Reached XP level 3. HP: 29/32 MP: 3/3
   758 | D:2      | Reached skill level 6 in Maces & Flails
   856 | D:2      | Reached XP level 4. HP: 38/38 MP: 4/4
  1168 | D:2      | Found a stormy altar of Qazlal.
  1217 | D:2      | Reached skill level 7 in Maces & Flails
  1605 | D:3      | Found a radiant altar of Vehumet.
  1640 | D:3      | Reached XP level 5. HP: 33/43 MP: 5/5
  1761 | D:3      | Found a shattered altar of Ashenzari.
  2220 | D:3      | Reached skill level 8 in Maces & Flails
  2391 | D:3      | Reached skill level 5 in Fighting
  2391 | D:3      | Reached XP level 6. HP: 23/51 MP: 6/6
  2395 | D:3      | Killed from afar by an orc priest

Vault maps used:
D:1:      onia_arrival_handbag, minivault_5
D:2:      grunt_qazlal_sundering, minmay_goblin_outpost
D:3:      fiery_altar_vehumet, first_bread, nicolae_ashenzari_panopticon

Skill      XL: |  1  2  3  4  5 |
---------------+----------------+-----
Maces & Flails | 4 5 6 7 8 |  8.1
Fighting       | 5 |  5.4
Armour         | |  4.8
Shields        | |  4.8

Action                   |  1- 3 |  4- 6 || total
-------------------------+-------+-------++-------
Melee: Flail             |   100 |       ||   100
       Bite              |    14 |    18 ||    32
       Whip              |       |   128 ||   128
 Fire: Hunting sling     |    32 |   150 ||   182
  Use: Potion            |     1 |     2 ||     3
       Scroll            |     4 |     2 ||     6
  Eat: Chunk             |       |     5 ||     5
Armor: Scale mail        |    39 |    68 ||   107
Dodge: Dodged            |    33 |    47 ||    80
Block: Shield            |    51 |    86 ||   137
